 Dungeon Crawl Stone Soup version 0.27-a0-103-g6cd7b45605 (webtiles) character file.

Game seed: 17393651902025391618

285 Anonimiaus the Poker (level 6, 0/49 HPs)
             Began as a Merfolk Gladiator on Jan 23, 2021.
             Was an Initiate of Okawaru.
             Slain by Duvessa
             ... wielding a +2 rapier of speed
              (4 damage)
             ... on level 4 of the Dungeon.
             The game lasted 00:04:41 (3324 turns).

Anonimiaus the Poker (Merfolk Gladiator)            Turns: 3324, Time: 00:04:41

Health: 0/49       AC:  8    Str: 14 (16) XL:     6   Next: 29%
Magic:  7/7        EV:  8    Int:  5 (8)  God:    Okawaru [......]
Gold:   163        SH:  8    Dex: 12 (15) Spells: 5/5 levels left

rFire    . . .     SeeInvis .   a - +0 trident
rCold    . . .     Faith    .   l - +0 kite shield
rNeg     . . .     Spirit   .   h - +0 scale mail
rPois    .         Reflect  .   c - +0 helmet
rElec    .         Harm     .   (no cloak)
rCorr    .         Rampage  .   x - +0 pair of gloves
Will     .....                  (no boots)
Stlth    ..........             n - amulet of the acrobat
HPRegen  0.16/turn              (no ring)
MPRegen  0.10/turn              (no ring)

@: attractive
A: change form in water, swift swim, stealthy swim
a: Renounce Religion


You were on level 4 of the Dungeon.
You worshipped Okawaru.
Okawaru was noncommittal.
You visited 1 branch of the dungeon, and saw 4 of its levels.

You collected 163 gold pieces.

Inventory:

Hand Weapons
 a - a +0 trident (weapon)
Missiles
 d - 3 throwing nets (quivered)
Armour
 c - a +0 helmet (worn)
 g - a +0 tower shield
 h - a +0 scale mail (worn)
 l - a +0 kite shield (worn)
 x - a +0 pair of gloves (worn)
Jewellery
 n - an amulet of the acrobat (around neck)
 v - an uncursed ring of resist corrosion
Wands
 q - a wand of enslavement (7)
Scrolls
 e - a scroll of fear {unknown}
 i - 2 scrolls of fog {unknown}
 j - a scroll of remove curse {unknown}
 o - a scroll of teleportation {unknown}
 r - 3 scrolls of identify {unknown}
 s - a scroll of amnesia {unknown}
 t - a scroll of enchant weapon {unknown}
Potions
 f - a potion of lignification {unknown}
 k - 3 potions of berserk rage {unknown}
 m - a potion of cancellation {unknown}
 p - 2 potions of degeneration
 u - 2 potions of curing {unknown}
 w - a potion of heal wounds {unknown}


   Skills:
 + Level 4.3 Fighting
 + Level 6.8 Polearms
 - Level 2.0 Throwing
 - Level 4.0 Dodging
 + Level 2.7 Shields
 + Level 1.7 Invocations


You had 5 spell levels left.
You didn't know any spells.
Your spell library was empty.

Dungeon Overview and Level Annotations

Branches:
Dungeon (4/15)
 Temple: D:4-7

Altars:
Kikubaaqudgha
Nemelex Xobeh
Okawaru
Ru
Wu Jian

Annotations:
D:4 Duvessa


Message History

You are too injured to fight recklessly!
You are too injured to fight recklessly!
You are too injured to fight recklessly!
You are too injured to fight recklessly!
It was a potion of attraction.
You feel attractive to monsters. Duvessa hits you but does no damage.
You hit Duvessa.
Duvessa is heavily wounded.
Duvessa hits you with a +2 rapier of speed!
You hit Duvessa.
Duvessa is severely wounded.
Duvessa hits you with a +2 rapier of speed!
* * * LOW HITPOINT WARNING * * *
Duvessa barely misses you.
It was a potion of degeneration.
There was something very wrong with that liquid.
You feel weakened.
You feel dopey.
You feel clumsy.
Duvessa hits you with a +2 rapier of speed.
You die...

###......#_# ##.. #####
##e....#'# ###... ##...###
#.#.....# ###.....
##......###..#....# ##.......
.........##†.###..# ###........
.............# #### ###..........
.............# ####............
.............#####..............#
........)......e@......#........#
...............################.#
...............# ##.
.............### ##
#..........### ############


You could see Duvessa.

Vanquished Creatures
  A bullfrog skeleton (D:2)
  An orc wizard (D:3)
  A worker ant (D:4)
  Robin (D:3)
  4 gnolls (D:2)
  5 adders
  4 worms
  3 dart slugs
  11 orcs (D:3)
  6 giant cockroaches
  14 goblins
  9 hobgoblins
  3 jackals (D:3)
  9 kobolds
  A quokka (D:3)
  A bat (D:3)
  6 frilled lizards
  4 rats
84 creatures vanquished.

Notes
Turn   | Place    | Note
-------+----------+-------------------------------------------
     0 | D:1      | Anonimiaus the Merfolk Gladiator began the quest for the
                  | Orb.
     0 | D:1      | Reached XP level 1. HP: 16/16 MP: 1/1
   109 | D:1      | Reached XP level 2. HP: 14/23 MP: 2/2
   299 | D:1      | Reached skill level 5 in Polearms
   726 | D:2      | Found a sacrificial altar of Ru.
   738 | D:2      | Reached XP level 3. HP: 29/29 MP: 3/3
   783 | D:2      | Found an iron altar of Okawaru.
  1061 | D:2      | Reached skill level 1 in Shields
  1061 | D:2      | Reached XP level 4. HP: 26/35 MP: 4/4
  1168 | D:2      | Found an ancient bone altar of Kikubaaqudgha.
  1219 | D:2      | Became a worshipper of Warmaster Okawaru
  1225 | D:2      | Reached skill level 6 in Polearms
  1254 | D:2      | Reached XP level 5. HP: 18/42 MP: 5/5
  1613 | D:2      | Found a sparkling altar of Nemelex Xobeh.
  2243 | D:3      | Noticed Robin
  2260 | D:3      | Killed Robin
  2262 | D:3      | Reached skill level 1 in Invocations
  2747 | D:3      | Reached XP level 6. HP: 34/48 MP: 5/7
  3251 | D:4      | Found an ornate altar of the Wu Jian Council.
  3268 | D:4      | Noticed Duvessa
  3324 | D:4      | Slain by Duvessa

Illustrated notes

Levels and vault maps discovered:
D:1:      moated_graveyard_arrival, layout_basic
D:2:      layout_rooms, old_standard_altar, old_standard_altar,
          overflow_temple_1_default, nemelex_spade_bored_becter
D:3:      layout_basic, hangedman_glass_teeth, uniq_robin
D:4:      layout_cave_pods, kennysheep_mini, uniq_duvessa, uniq_ijyb

Skill      XL: |  1  2  3  4  5 |
---------------+----------------+-----
Polearms       | 5 6 |  6.8
Fighting       | 3 4 |  4.3
Shields        | 1 2 |  2.7
Invocations    | 1 |  1.7
Throwing       | |  2.0
Dodging        | |  4.0

Action                   |  1- 3 |  4- 6 || total
-------------------------+-------+-------++-------
Melee: Trident           |    96 |   243 ||   339
  Use: Potion            |       |     2 ||     2
Armor: Leather armour    |     5 |       ||     5
       Scale mail        |    22 |    60 ||    82
Dodge: Dodged            |    28 |    70 ||    98
Block: Tower shield      |    16 |       ||    16
       Kite shield       |     9 |    75 ||    84

Table legend: (Time is in decaauts)
 A = Elapsed time spent in this place.
 B = Non-inter-level travel time spent in this place.
 C = Inter-level travel time spent in this place.
 D = Time resting spent in this place.
 E = Time spent auto-exploring this place.
 F = Levels seen in this place.
 G = Mean time per level.
                   A        B        C        D        E       F      G
               +--------+--------+--------+--------+--------+-----+--------+
         Total |   3352 |   3281 |     71 |      0 |   2566 |   4 |  838.0 |
       Dungeon |   3352 |   3281 |     71 |      0 |   2566 |   4 |  838.0 |
               +--------+--------+--------+--------+--------+-----+--------+

Top non-repeatable levels by time:
     D:3: 1337 daAuts
     D:2: 1005 daAuts
     D:1: 726 daAuts
     D:4: 282 daAuts
